 Dungeon Crawl Stone Soup version 0.18-a0-1017-gae0b928 (webtiles) character file.

6155 smeego the Carver (level 10, -2/63 HPs)
             Began as a Gargoyle Berserker on Jan 7, 2016.
             Was a High Priest of Trog.
             Slain by a komodo dragon (16 damage)
             ... on level 1 of the Lair of Beasts.
             The game lasted 00:14:11 (7135 turns).

smeego the Carver (Gargoyle Berserker)              Turns: 7135, Time: 00:14:11

Health: -2/63      AC: 19    Str: 24    XL:     10   Next: 90%
Magic:  10/10      EV: 10    Int: 11    God:    Trog [*****.]
Gold:   368        SH:  7    Dex:  9    Spells: 0 memorised, 9 levels left

rFire  . . .     SeeInvis .     y - +0 falchion
rCold  . . .     Gourm    .     I - +0 chain mail
rNeg   + . .     Faith    .     s - +2 buckler
rPois  ∞         Spirit   .     (no helmet)
rElec  +         Dismiss  .     (no cloak)
rCorr  .         Reflect  .     L - +0 pair of gloves
SustAt .         Harm     .     (no boots)
MR     .....                    e - amulet of regeneration
Stlth  ..........               E - +2 ring of slaying
                                g - +3 ring of strength

@: not resistant to hostile enchantments, extremely unstealthy
A: negative energy resistance 1, electricity resistance, unbreathing,
petrification resistance, rot immunity, AC +7
a: Berserk, Trog's Hand, Brothers in Arms, Burn Spellbooks, Renounce Religion


You were on level 1 of the Lair of Beasts.
You worshipped Trog.
Trog was extremely pleased with you.
You were not hungry.

You visited 2 branches of the dungeon, and saw 9 of its levels.

You collected 368 gold pieces.

Inventory:

Hand Weapons
 y - a +0 falchion (weapon)
 B - the +4 quarterstaff of Temperance {drain, rN+ MP+9, unknown}
   (You found it on level 6 of the Dungeon)

   A truly terrible weapon, it drains the life of those it strikes.
   It protects you from negative energy.
   It affects your magic capacity (+9).
Missiles
 n - 38 bolts
Armour
 s - a +2 buckler (worn)
 F - a +0 buckler
 I - a +0 chain mail (worn)
 L - a +0 pair of gloves (worn)
Magical Staves
 z - an uncursed staff of wizardry {unknown}
Jewellery
 e - an amulet of regeneration (around neck)
 g - a +3 ring of strength (left hand)
 D - an uncursed ring of protection from cold {unknown}
 E - a +2 ring of slaying (right hand)
 J - an uncursed amulet of rage {unknown}
Wands
 p - a wand of magic darts (10/48)
 x - a wand of polymorph (3/24)
 A - a wand of random effects (32/48)
 Q - a wand of paralysis (9/24)
Scrolls
 b - 3 scrolls of identify
 i - 6 scrolls of fear
 k - 5 scrolls of fog {unknown}
 l - 5 scrolls of recharging {unknown}
 o - 4 scrolls of blinking {unknown}
 u - 3 scrolls of remove curse
 v - a scroll of amnesia {unknown}
 w - 2 scrolls of immolation {unknown}
 R - 2 scrolls of teleportation {unknown}
Potions
 a - a potion of resistance {unknown}
 d - 3 potions of heal wounds
 f - 3 potions of agility
 h - a potion of brilliance
 j - a potion of might
 m - 6 potions of curing
 q - a potion of ambrosia {unknown}
 r - 3 potions of haste
 t - a potion of magic
 G - 3 potions of invisibility {unknown}
 H - a potion of cure mutation {unknown}
Books
 K - a book of Minor Magic

   Spells                             Type                      Level
   a - Magic Dart                     Conjuration                  1
   b - Blink                          Translocation                2
   c - Call Imp                       Summoning                    2
   d - Repel Missiles                 Charms/Air                   2
   e - Slow                           Hexes                        2
   f - Conjure Flame                  Conjuration/Fire             3
   g - Mephitic Cloud                 Conjuration/Poison/Air       3
   Trog disapproves of the use of such an item.
 N - a book of Ice

   Spells                             Type                      Level
   a - Ice Form                       Ice/Transmutation            4
   b - Metabolic Englaciation         Hexes/Ice                    5
   c - Ozocubu's Refrigeration        Ice                          6
   d - Bolt of Cold                   Conjuration/Ice              6
   e - Freezing Cloud                 Conjuration/Ice/Air          6
   f - Simulacrum                     Ice/Necromancy               6
   Trog disapproves of the use of such an item.
 O - a book of Maledictions

   Spells                             Type                      Level
   a - Corona                         Hexes                        1
   b - Ensorcelled Hibernation        Hexes/Ice                    2
   c - Confuse                        Hexes                        3
   d - Tukima's Dance                 Hexes                        3
   e - Dazzling Spray                 Conjuration/Hexes            3
   Trog disapproves of the use of such an item.
Comestibles
 c - 8 bread rations
 C - 5 meat rations
 M - a slice of pizza


   Skills:
 + Level 7.3 Fighting
 * Level 9.1 Long Blades
 * Level 9.1 Armour
 + Level 5.6 Dodging
 - Level 0.8 Stealth
 * Level 5.6 Shields


You had 9 spell levels left.
You didn't know any spells.

Dungeon Overview and Level Annotations

Branches:
Dungeon (8/15)             Temple (0/1) D:7            Lair (1/8) D:8

Altars:
Ashenzari
Cheibriados
Elyvilon
Nemelex Xobeh
Pakellas
Ru
Yredelemnul
The Shining One


Innate Abilities, Weirdness & Mutations

You are resistant to torment.
Your stone body is resilient (AC +7).
You are immune to poison.
You resist negative energy.
You are resistant to electric shocks.
You can survive without breathing.
You are immune to petrification.
You are immune to rotting.


Message History

* * * LOW HITPOINT WARNING * * *
You hit the komodo dragon.
The komodo dragon is severely wounded.
You block the komodo dragon's attack.
You hit the komodo dragon but do no damage.
The komodo dragon is severely wounded.
You feel the effects of Trog's Hand fading.
Your skin stops crawling.
You feel less resistant to hostile enchantments.
You hit the komodo dragon.
The komodo dragon is severely wounded.
The komodo dragon bites you!
You hit the komodo dragon.
The komodo dragon is severely wounded.
The komodo dragon bites you!
* * * LOW HITPOINT WARNING * * *
You hit the komodo dragon.
The komodo dragon is almost dead.
The komodo dragon bites you!
You die...

# ### #### ### ##
#########.#######P.######P######.
.................................
................@l...............
..#..##..#...##.+###.....######+.
..#.##.###....##.# ##....######.#
..##....##...###.# #....##......
.............# #..# #....''......
..##....#....+ ...# #....##......
..P#...<.....#.#..# #....########
..####.###...###..###....####..##
..P###.###...# #.###.............


You could see a komodo dragon.

Vanquished Creatures
  A spiny frog (Lair:1)
  2 komodo dragons (Lair:1)
  A troll (D:8)
  2 wyverns (D:8)
  Eustachio (D:4)
  4 hippogriffs
  10 wolves
  A water moccasin (Lair:1)
  2 porcupines (Lair:1)
  A sky beast (D:8)
  An ice beast (D:7)
  3 ogres
  A necrophage (D:8)
  The ghost of Econoterrorist the Ruffian, an amateur DrTm of Ru (D:3)
  2 centaurs
  A crocodile (Lair:1)
  6 giant frogs
  Blork the orc (D:6)
  2 scorpions
  3 electric eels (D:8)
  3 crimson imps
  A gnoll shaman (D:8)
  7 orc wizards
  6 orc priests
  A centaur skeleton (D:8)
  A giant frog skeleton (D:4)
  5 hounds
  Natasha (thrice) (D:4)
  Ijyb (D:3)
  2 worker ants
  2 hound skeletons
  2 worker ant zombies
  12 gnolls
  12 adders
  A shadow imp (D:8)
  3 adder skeletons
  5 worms
  6 giant geckos
  17 orcs
  A ball python (D:6)
  7 bats
  4 giant cockroaches
  6 goblins
  8 hobgoblins
  10 jackals
  2 quokkas
  A giant gecko skeleton (D:5)
  7 giant newts
  A jackal skeleton (D:5)
  6 kobolds
  10 rats
199 creatures vanquished.

Notes
Turn   | Place    | Note
--------------------------------------------------------------
     0 | D:1      | smeego the Gargoyle Berserker began the quest for the Orb.
     0 | D:1      | Reached XP level 1. HP: 14/14 MP: 1/1
   355 | D:1      | Reached XP level 2. HP: 19/19 MP: 2/2
   547 | D:1      | Reached XP level 3. HP: 18/24 MP: 3/3
   850 | D:1      | Reached ** piety under Trog
  1100 | D:2      | Reached XP level 4. HP: 27/29 MP: 4/4
  1704 | D:3      | Found an oddly glowing altar of Pakellas.
  1742 | D:3      | Noticed Ijyb
  1754 | D:3      | Killed Ijyb
  1754 | D:3      | Reached skill level 4 in Long Blades
  1754 | D:3      | Reached XP level 5. HP: 33/33 MP: 5/5
  1860 | D:3      | Noticed Econoterrorist's ghost (amateur DrTm)
  1872 | D:3      | Killed Econoterrorist's ghost
  2048 | D:3      | Reached XP level 6. HP: 38/38 MP: 6/6
  2051 | D:3      | Reached *** piety under Trog
  2345 | D:4      | Noticed Natasha
  2353 | D:4      | Killed Natasha
  2456 | D:4      | Noticed Eustachio
  2480 | D:4      | Killed Eustachio
  2480 | D:4      | Reached skill level 5 in Long Blades
  2480 | D:4      | Reached XP level 7. HP: 36/44 MP: 7/7
  2501 | D:4      | You fall through a shaft for 2 floors!
  2506 | D:5      | Entered Level 5 of the Dungeon
  2509 | D:5      | Found a sparkling altar of Nemelex Xobeh.
  2676 | D:6      | Got an encrusted quarterstaff
  2929 | D:4      | Noticed Natasha
  2936 | D:4      | Killed Natasha
  2947 | D:4      | Found a white marble altar of Elyvilon.
  2974 | D:4      | Reached XP level 8. HP: 32/48 MP: 8/8
  3006 | D:4      | Reached skill level 6 in Long Blades
  3025 | D:4      | Noticed Natasha
  3034 | D:4      | Killed Natasha
  3034 | D:4      | Reached **** piety under Trog
  3319 | D:4      | Reached skill level 5 in Fighting
  3975 | D:6      | Noticed Blork the orc
  3992 | D:6      | Killed Blork the orc
  4005 | D:6      | Reached skill level 5 in Armour
  4341 | D:7      | Found a staircase to the Ecumenical Temple.
  4469 | D:7      | Found Pulocso's Distillery.
  4534 | D:7      | Reached skill level 7 in Long Blades
  4534 | D:7      | Reached XP level 9. HP: 29/54 MP: 9/9
  4812 | D:7      | Found a glowing golden altar of the Shining One.
  5083 | D:7      | Found a sacrificial altar of Ru.
  5384 | D:8      | Reached skill level 5 in Dodging
  5384 | D:8      | Reached skill level 1 in Shields
  5466 | D:8      | Found a staircase to the Lair.
  5485 | D:8      | Reached skill level 8 in Long Blades
  5726 | D:8      | Reached XP level 10. HP: 33/61 MP: 10/10
  5893 | D:8      | Found a basalt altar of Yredelemnul.
  5899 | D:8      | Found a snail-covered altar of Cheibriados.
  5931 | D:8      | Reached ***** piety under Trog
  6266 | D:8      | Found a shattered altar of Ashenzari.
  6460 | Lair:1   | Entered Level 1 of the Lair of Beasts
  6551 | Lair:1   | Noticed a spiny frog
  6594 | Lair:1   | Killed a spiny frog
  6827 | Lair:1   | Reached skill level 5 in Shields
  6830 | Lair:1   | Reached skill level 9 in Long Blades
  7135 | Lair:1   | Slain by a komodo dragon

Vault maps used:
D:1:      minmay_arrival_up_and_down
D:3:      johnstein_pakellas_death_squad, minmay_misc_feat_ornament, uniq_iyjb
D:4:      overflow_temple_1_default, kennysheep_generic_room_10, uniq_natasha,
          uniq_eustachio
D:5:      nicolae_overflow_hidden_temple, first_bread, due_unseen_surprise
D:6:      uniq_blork_the_orc
D:7:      nicolae_tso_swordbearing_angel, kennysheep_mini_moat, temple_doors_e,
          serial_shops, kennysheep_mini
D:8:      kennysheep_little_box, minitemple, erik_lair_island

Action                   |  1- 3 |  4- 6 |  7- 9 | 10-12 || total
-------------------------+-------+-------+-------+-------++-------
Melee: Falchion          |   113 |   268 |   619 |   289 ||  1289
       Unarmed           |       |       |     3 |       ||     3
Invok: Trog's Hand       |       |     2 |     1 |     2 ||     5
       Berserk           |       |     2 |       |     2 ||     4
  Use: Scroll            |       |     7 |     4 |       ||    11
       Potion            |       |     1 |     1 |       ||     2
 Stab: Sleeping          |       |     1 |       |       ||     1
  Eat: Chunk             |     1 |     6 |    12 |     3 ||    22
       Meat ration       |       |       |       |     1 ||     1
